[Event "January 2 Early 2024"]
[Site "https://www.chess.com"]
[Date "2024.01.02"]
[Round "6"]
[White "Han, Yichen"]
[Black "Sharapov, Evgeny"]
[Result "1-0"]
[Board "64"]
[TimeControl "180+1"]
[WhiteFideId "1054430"]
[BlackFideId "14103133"]
[WhiteElo "2686"]
[BlackElo "2557"]
[WhiteTeam "NED"]
[BlackTeam "UKR"]
[WhiteClock "0:00:27"]
[BlackClock "0:01:59"]

1. e4 c5 2. Nf3 d6 3. Bc4 Nc6 4. O-O Nf6 5. Re1 e6 6. c3 Be7 7. d4 cxd4 8. cxd4 d5 9. exd5 exd5 10. Bf1 Bg4 11. Be3 O-O 12. h3 Bxf3 13. Qxf3 Ne4 14. Nc3 Nxc3 15. bxc3 Rc8 16. c4 dxc4 17. Bxc4 Nb4 18. Bb3 Nc2 19. Bxc2 Rxc2 20. Qxb7 Bg5 21. Qe4 Rb2 22. d5 Bxe3 23. Rxe3 Qd6 24. Qd4 Rb5 25. Rd1 g6 26. a4 Ra5 27. Rb3 Rd8 28. Rb5 Rxb5 29. axb5 Rd7 30. Rc1 f6 31. Rc8+ Kg7 32. Rc6 Qe5 33. Qxe5 fxe5 34. d6 Kf6 35. Kf1 Ke6 36. Ra6 Rxd6 37. Rxa7 Rb6 38. Ra6 1-0

[Event "January 2 Early 2024"]
[Site "https://www.chess.com"]
[Date "2024.01.02"]
[Round "6"]
[White "Agibileg, Uurtsaikh"]
[Black "Womacka, Mathias"]
[Result "1-0"]
[Board "65"]
[TimeControl "180+1"]
[WhiteFideId "4901606"]
[BlackFideId "4611390"]
[WhiteElo "2684"]
[BlackElo "2553"]
[WhiteTeam "MGL"]
[BlackTeam "GER"]
[WhiteClock "0:00:57"]
[BlackClock "0:00:00"]

1. d4 Nf6 2. c4 e6 3. Nc3 Bb4 4. f3 O-O 5. a3 Bxc3+ 6. bxc3 b6 7. e4 Ne8 8. h4 Ba6 9. h5 h6 10. Bd3 Nc6 11. Bf4 Na5 12. Qe2 d5 13. cxd5 Bxd3 14. Qxd3 exd5 15. e5 c5 16. Ne2 Nc7 17. Be3 Nc4 18. f4 f5 19. dxc5 Ne6 20. cxb6 axb6 21. O-O Rxa3 22. Rxa3 Nxa3 23. Ng3 Nc4 24. Nxf5 Nxe3 25. Nxe3 Nxf4 26. Qb5 Qg5 27. e6 Nh3+ 28. Kh2 Qxe3 29. Rxf8+ Kxf8 30. Qd7 Qe5+ 31. Kxh3 Qxh5+ 32. Kg3 Qg5+ 33. Kf3 Qe7 34. Qxd5 Qf6+ 35. Ke4 Ke7 36. Qd7+ Kf8 37. Kd5 h5 38. c4 h4 39. Kc6 g5 40. Kxb6 g4 41. c5 h3 42. gxh3 gxh3 43. c6 h2 44. Qd6+ Qe7 45. Qf4+ Ke8 46. Qb8+ Qd8+ 47. c7 1-0

[Event "January 2 Early 2024"]
[Site "https://www.chess.com"]
[Date "2024.01.02"]
[Round "6"]
[White "Arslanov, Shamil"]
[Black "Ismayil, Malak"]
[Result "1-0"]
[Board "66"]
[TimeControl "180+1"]
[WhiteFideId "4192826"]
[BlackFideId "13412604"]
[WhiteElo "2684"]
[BlackElo "2552"]
[WhiteTeam "RUS"]
[BlackTeam "AZE"]
[WhiteClock "0:00:12"]
[BlackClock "0:00:01"]

1. d4 d5 2. e4 dxe4 3. Nc3 Nf6 4. f3 exf3 5. Nxf3 Bg4 6. h3 Bxf3 7. Qxf3 c6 8. g4 e6 9. g5 Nd5 10. Bd3 Bb4 11. O-O Qe7 12. Ne4 Nd7 13. c3 Ba5 14. c4 Nb4 15. Bb1 Bc7 16. a3 Na6 17. b4 Bb6 18. Qxf7+ Qxf7 19. Nd6+ Ke7 20. Rxf7+ Kxd6 21. Bf4+ e5 22. c5+ Naxc5 23. bxc5+ Nxc5 24. Bxe5+ Kd5 25. Ba2+ Ke4 26. Re1+ Kd3 27. dxc5 Bxc5+ 28. Kg2 Rhf8 29. Bxg7 Rxf7 30. Bxf7 Bxa3 31. Rf1 Bc5 32. h4 a5 33. h5 a4 34. g6 hxg6 35. h6 a3 36. h7 a2 37. h8=Q Rxh8 38. Bxh8 b5 39. Bxa2 b4 40. Bb1+ Kc4 41. Bxg6 b3 42. Rc1+ Kb4 43. Bc3+ Kb5 44. Bd3+ Kb6 45. Rb1 Bd6 46. Rxb3+ Kc7 47. Kf3 c5 48. Ke4 Kc6 49. Bc4 Bc7 50. Bd5+ Kd7 51. Rb7 Kc8 52. Be5 Bd8 53. Kf5 c4 54. Ke6 Bc7 55. Rxc7+ Kd8 56. Rh7 Kc8 57. Rh8# 1-0

[Event "January 2 Early 2024"]
[Site "https://www.chess.com"]
[Date "2024.01.02"]
[Round "6"]
[White "Gritsenko, Nikolai"]
[Black "Jeet, Jain"]
[Result "0-1"]
[Board "67"]
[TimeControl "180+1"]
[WhiteFideId "14112493"]
[BlackFideId "5073022"]
[WhiteElo "2683"]
[BlackElo "2550"]
[WhiteTeam "UKR"]
[BlackTeam "IND"]
[WhiteClock "0:00:00"]
[BlackClock "0:00:21"]

1. e4 d6 2. d4 g6 3. Nc3 Nf6 4. Nf3 c6 5. Be2 Nbd7 6. e5 Nd5 7. exd6 e6 8. Ne4 N5f6 9. Bg5 h6 10. Nxf6+ Nxf6 11. Bf4 Bxd6 12. Bxd6 Qxd6 13. O-O O-O 14. c3 Kg7 15. Re1 c5 16. dxc5 Qxc5 17. Qd4 Qxd4 18. Nxd4 e5 19. Nf3 e4 20. Nd4 Bd7 21. Rad1 Rfd8 22. h3 Rac8 23. Bf1 h5 24. g3 Re8 25. Bg2 Rc5 26. Rd2 Rce5 27. Rde2 b6 28. f3 Bb5 29. Nxb5 Rxb5 30. fxe4 Nd7 31. b3 Ne5 32. Rd1 h4 33. gxh4 Rc5 34. c4 Rc6 35. Kf2 Rf6+ 36. Kg3 Rfe6 37. Rf2 a5 38. Rd5 a4 39. Rb5 Ra8 40. c5 bxc5 41. Rxc5 Nd3 42. Rcc2 Nxf2 43. Rxf2 axb3 44. axb3 Ra3 45. Rf3 Rb6 46. Kf4 Rbxb3 47. Rxb3 Rxb3 48. Bf3 Kf6 49. Bg4 Rb4 50. Bf3 Rc4 51. Bg4 Ra4 52. Bf3 Ra8 53. Bg4 Rh8 54. e5+ Kg7 55. Kg3 Rb8 56. h5 g5 57. e6 Rb3+ 58. Kf2 fxe6 59. Bxe6 Kf6 60. Bg4 Rb7 61. Ke2 Ke5 62. Kd3 Kf4 63. Kd4 Re7 64. Kd5 Kg3 65. Kd6 Re3 66. h6 Re8 67. h7 Kf4 68. Kd7 Rh8 0-1

[Event "January 2 Early 2024"]
[Site "https://www.chess.com"]
[Date "2024.01.02"]
[Round "6"]
[White "Weetik, Vjacheslav"]
[Black "Kambrath, Yannick"]
[Result "1-0"]
[Board "68"]
[TimeControl "180+1"]
[WhiteFideId "4153472"]
[BlackFideId "20632525"]
[WhiteElo "2678"]
[BlackElo "2545"]
[WhiteTeam "RUS"]
[BlackTeam "FRA"]
[WhiteClock "0:00:38"]
[BlackClock "0:00:15"]

1. d4 Nf6 2. c4 e6 3. g3 d5 4. Nf3 a6 5. Bg2 dxc4 6. O-O b5 7. Ne5 Nd5 8. b3 cxb3 9. Qxb3 Bb7 10. a4 f6 11. Nd3 c6 12. e4 Nb6 13. Qxe6+ Qe7 14. Qb3 Qf7 15. Qc2 Nxa4 16. e5 Nb6 17. Re1 f5 18. e6 Qc7 19. e7 Bxe7 20. Bf4 Qd8 21. Nc5 Bc8 22. Qe2 Ra7 23. Bxb8 Rd7 24. Nxd7 Nxd7 25. Bd6 O-O 26. Bxe7 1-0

[Event "January 2 Early 2024"]
[Site "https://www.chess.com"]
[Date "2024.01.02"]
[Round "6"]
[White "Matyunin, Maxim"]
[Black "Csonka, Balazs"]
[Result "0-1"]
[Board "69"]
[TimeControl "180+1"]
[WhiteFideId "34106682"]
[BlackFideId "742910"]
[WhiteElo "2541"]
[BlackElo "2674"]
[WhiteTeam "RUS"]
[BlackTeam "HUN"]
[WhiteClock "0:00:48"]
[BlackClock "0:00:06"]

1. d4 d6 2. Nf3 Nf6 3. c4 g6 4. Nc3 Bg7 5. Bg5 O-O 6. e3 c5 7. d5 Qb6 8. Qb3 h6 9. Bh4 Bf5 10. Be2 g5 11. Bg3 Ne4 12. Nxe4 Bxe4 13. Nd2 Bxb2 14. Rd1 Qxb3 15. axb3 Bc2 16. O-O Bxd1 17. Rxd1 Nd7 18. f4 a5 19. h4 a4 20. bxa4 Rxa4 21. hxg5 hxg5 22. fxg5 Ra1 23. Rxa1 Bxa1 24. Kf2 Be5 25. Bh4 Ra8 26. Ne4 Kf8 27. Bg4 Nb6 28. g6 fxg6 29. Ng5 Ra2+ 30. Kf3 Nxc4 31. Bd7 Bf6 32. Ne6+ Kg8 33. Bg3 Ne5+ 34. Bxe5 Bxe5 35. Be8 c4 36. Bxg6 c3 37. g4 c2 38. Bxc2 Rxc2 39. Ke4 b5 40. Kf5 b4 41. Kg6 b3 42. g5 b2 43. e4 b1=Q 44. Nd8 Rh2 45. Kf5 Rf2+ 46. Ke6 Qxe4 47. Kd7 Qxd5 48. g6 Qb5+ 49. Nc6 Rc2 50. Ke6 Qxc6 51. g7 Bf6 52. Kf5 d5 53. Kg6 d4 54. Kf5 d3 55. Kg6 d2 56. Kf5 d1=Q 57. Kg6 e5 58. Kf5 e4 59. Kf4 Qd3 60. Kf5 e3+ 61. Kf4 Qe6 62. Kg3 e2+ 63. Kf4 Qed6+ 64. Kg4 Qe4+ 65. Kh5 Qh1+ 66. Kg6 e1=Q 67. Kf5 Qee4# 0-1

[Event "January 2 Early 2024"]
[Site "https://www.chess.com"]
[Date "2024.01.02"]
[Round "6"]
[White "Aldokhin, Ivan"]
[Black "Kochiev, Ivan"]
[Result "1-0"]
[Board "70"]
[TimeControl "180+1"]
[WhiteFideId "24115720"]
[BlackFideId "2917890"]
[WhiteElo "2670"]
[BlackElo "2541"]
[WhiteTeam "RUS"]
[BlackTeam "BUL"]
[WhiteClock "0:00:03"]
[BlackClock "0:00:05"]

1. e4 c5 2. Nf3 d6 3. d4 cxd4 4. Nxd4 Nf6 5. Nc3 Nc6 6. Bc4 e6 7. Bb3 a6 8. Be3 Qc7 9. Qe2 Be7 10. O-O-O b5 11. g4 b4 12. Nxc6 bxc3 13. Nxe7 cxb2+ 14. Kb1 Qxe7 15. f3 O-O 16. g5 Nd7 17. Qd2 Bb7 18. Qxd6 Qxd6 19. Rxd6 Ne5 20. Rf1 a5 21. a4 Rfd8 22. Rxd8+ Rxd8 23. Kxb2 Ba6 24. Rf2 Nc4+ 25. Bxc4 Bxc4 26. Rd2 Rb8+ 27. Kc3 Bf1 28. Bb6 h6 29. Rd8+ Rxd8 30. Bxd8 hxg5 31. Kd4 f6 32. e5 Kf7 33. Bxa5 Bg2 34. Ke3 Bf1 35. Bc3 Ke7 36. a5 f5 37. f4 g4 38. Kf2 Ba6 39. Kg3 Kf7 40. Kh4 Kg6 41. Be1 Bc4 42. Kg3 Ba6 43. Kf2 Kf7 44. Ke3 Ke7 45. Kd4 Kd7 46. Kc5 Kc7 47. c4 Bc8 48. Bh4 g6 49. Be7 Bb7 50. Kb5 Bc8 51. Bd6+ Kb7 52. a6+ Ka7 53. Bc5+ Kb8 54. Kb6 Bd7 55. Bd6+ Ka8 56. Be7 Be8 57. c5 Bd7 58. c6 Be8 59. Kc7 Ka7 60. Kd6 Kxa6 61. c7 Kb7 62. Bd8 Kc8 63. Kxe6 Bc6 64. Kf6 Be4 65. Kxg6 Kd7 66. Kf6 Bd3 67. e6+ Kc8 68. e7 Bb5 69. Kf7 Bc4+ 70. Kf8 g3 71. hxg3 1-0

[Event "January 2 Early 2024"]
[Site "https://www.chess.com"]
[Date "2024.01.02"]
[Round "6"]
[White "Injac, Teodora"]
[Black "Rangel, Daniel"]
[Result "1/2-1/2"]
[Board "71"]
[TimeControl "180+1"]
[WhiteFideId "932400"]
[BlackFideId "2124475"]
[WhiteElo "2668"]
[BlackElo "2538"]
[WhiteTeam "SRB"]
[BlackTeam "BRA"]
[WhiteClock "0:00:06"]
[BlackClock "0:00:04"]

1. d4 Nf6 2. Nf3 e6 3. Bg5 d5 4. e3 Be7 5. Nbd2 O-O 6. Bd3 b6 7. Qe2 Bb7 8. c3 c5 9. h4 Ne4 10. Bf4 f5 11. h5 c4 12. Bc2 Nd7 13. Ne5 Nxe5 14. Bxe5 Bd6 15. Nf3 b5 16. h6 g6 17. Bg7 Rf7 18. Ne5 Rc7 19. Rh3 b4 20. f3 Ng5 21. Rg3 Nf7 22. Qf2 bxc3 23. bxc3 Nxe5 24. dxe5 Be7 25. Kd2 Bh4 26. Rh1 Bxg3 27. Qxg3 Bc6 28. Bf6 Qf8 29. Qg5 Rb8 30. g4 Rb2 31. gxf5 exf5 32. e6 Qa3 33. Rc1 Ba4 34. Be5 Bxc2 35. Qd8+ Qf8 36. Qxc7 Bd3+ 37. Ke1 Re2+ 38. Kd1 Rf2 39. e7 Rf1+ 40. Kd2 Rf2+ 41. Kd1 Rf1+ 42. Kd2 Rf2+ 43. Kd1 1/2-1/2

[Event "January 2 Early 2024"]
[Site "https://www.chess.com"]
[Date "2024.01.02"]
[Round "6"]
[White "Vlassov, Nikolai"]
[Black "Petukhov, Dmitry"]
[Result "1-0"]
[Board "72"]
[TimeControl "180+1"]
[WhiteFideId "4103360"]
[BlackFideId "4142748"]
[WhiteElo "2667"]
[BlackElo "2530"]
[WhiteTeam "FID"]
[BlackTeam "RUS"]
[WhiteClock "0:00:15"]
[BlackClock "0:00:07"]

1. e4 c5 2. c3 d5 3. exd5 Qxd5 4. d4 Nf6 5. Nf3 e6 6. a3 Nc6 7. Be3 cxd4 8. cxd4 Be7 9. Nc3 Qd6 10. Qc2 a6 11. Rc1 O-O 12. Bd3 Bd7 13. b4 Rad8 14. O-O h6 15. Qd2 Nd5 16. Ne4 Qb8 17. Bxh6 f5 18. Nc5 gxh6 19. Qxh6 Rf6 20. Qg5+ Kf8 21. Bc4 Qf4 22. Bxd5 Qxg5 23. Nxg5 exd5 24. Nh7+ Kf7 25. Nxf6 Kxf6 26. Nxb7 Nxd4 27. Nxd8 Ne2+ 28. Kh1 Nxc1 29. Rxc1 Bxd8 30. Kg1 d4 31. Kf1 a5 32. Ke2 Bb5+ 33. Kd2 axb4 34. axb4 Be7 35. Rb1 Ke6 36. g3 Kd5 37. h4 f4 38. h5 fxg3 39. f4 Bg5 40. fxg5 g2 41. Rg1 Bf1 42. h6 1-0

[Event "January 2 Early 2024"]
[Site "https://www.chess.com"]
[Date "2024.01.02"]
[Round "6"]
[White "Skliarov, Viktor"]
[Black "Shapiro, Viktor"]
[Result "1-0"]
[Board "73"]
[TimeControl "180+1"]
[WhiteFideId "14106736"]
[BlackFideId "4175700"]
[WhiteElo "2662"]
[BlackElo "2526"]
[WhiteTeam "UKR"]
[BlackTeam "RUS"]
[WhiteClock "0:00:04"]
[BlackClock "0:00:02"]

1. e4 Nf6 2. Nc3 d5 3. e5 Nfd7 4. Nxd5 Nxe5 5. Ne3 c5 6. Nf3 Nbc6 7. b3 g6 8. Nxe5 Nxe5 9. Bb2 Bg7 10. Bb5+ Bd7 11. Bxd7+ Qxd7 12. Bc3 O-O 13. O-O Rad8 14. Qe2 Nc6 15. Bxg7 Kxg7 16. Rad1 Nd4 17. Qc4 Qc6 18. a4 b6 19. c3 Ne6 20. d4 Qc8 21. d5 Nc7 22. Qe4 Rfe8 23. h4 h5 24. c4 Qd7 25. f4 e6 26. d6 Na6 27. Qe5+ f6 28. Qc3 Nb4 29. g4 hxg4 30. Nxg4 Rf8 31. h5 gxh5 32. Ne3 Qf7 33. f5 e5 34. Kf2 Kh7 35. Rg1 Rg8 36. Nd5 Nxd5 37. cxd5 Rxd6 38. Qf3 Rxg1 39. Rxg1 Rxd5 40. Rg6 Rd2+ 41. Kg1 Qxg6+ 42. fxg6+ Kxg6 43. Qe4+ Kg7 44. Qb7+ Kg6 45. Qxa7 Rd6 46. Qc7 Re6 47. Qd7 Kf5 48. Kf2 e4 49. Ke3 Ke5 50. Qc7+ Kd5 51. Qb7+ Ke5 52. Qb8+ Kd5 53. Qd8+ Ke5 54. Qh8 Kd6 55. Qxh5 Re5 56. Qf7 Re6 57. Qf8+ Ke5 58. Qb8+ Kd5 59. Qb7+ Ke5 60. Qa6 Kd5 61. Qc4+ Kd6 62. Qb5 Ke7 63. a5 bxa5 64. Qxc5+ Kf7 65. Qxa5 Re5 66. Qc7+ Kg6 67. b4 Rb5 68. Qc4 Re5 69. b5 Re8 70. b6 f5 71. b7 Kg5 72. Qc7 1-0

[Event "January 2 Early 2024"]
[Site "https://www.chess.com"]
[Date "2024.01.02"]
[Round "6"]
[White "Iskusnyh, Sergei"]
[Black "Rietze, Clemens, Dr."]
[Result "1-0"]
[Board "74"]
[TimeControl "180+1"]
[WhiteFideId "4120027"]
[BlackFideId "24620351"]
[WhiteElo "2658"]
[BlackElo "2523"]
[WhiteTeam "RUS"]
[BlackTeam "GER"]
[WhiteClock "0:00:05"]
[BlackClock "0:00:00"]

1. d4 d5 2. c4 e6 3. Nf3 Nf6 4. g3 Be7 5. Bg2 O-O 6. O-O dxc4 7. Qa4 Qd5 8. Nc3 Qc6 9. Ne5 Qxa4 10. Nxa4 Nd5 11. Nc3 Nb6 12. Bf4 c6 13. Rac1 f6 14. Nf3 Rd8 15. Ne4 Na6 16. Rfd1 g5 17. Bd2 Kf7 18. Ba5 Nc7 19. e3 Rd5 20. Be1 Rb5 21. Rc2 Na4 22. Rb1 Bd7 23. Bf1 Nb6 24. Ned2 g4 25. Nh4 Rg5 26. Nxc4 h5 27. e4 Rd8 28. Bd2 Rgg8 29. Na5 Rb8 30. Bf4 Rgc8 31. h3 gxh3 32. Bxh3 e5 33. Bxd7 Nxd7 34. dxe5 fxe5 35. Be3 a6 36. Nf3 Ke6 37. Rd1 Nb5 38. Nc4 Rf8 39. Kg2 Rbe8 40. Rh1 Rh8 41. a4 Nd6 42. Nxd6 Bxd6 43. Ng5+ Kf6 44. f4 Bc7 45. Rf2 Kg7 46. f5 Kf6 47. Ne6 Bb8 48. Bg5+ Kf7 49. Rd2 Nf6 50. Bxf6 Kxf6 51. Rd7 Re7 52. Rxe7 Kxe7 53. g4 Kf6 54. g5+ Kf7 55. Rd1 Ke7 56. Kg3 h4+ 57. Kh3 Bd6 58. g6 b5 59. Ng5 c5 60. Rxd6 1-0

[Event "January 2 Early 2024"]
[Site "https://www.chess.com"]
[Date "2024.01.02"]
[Round "6"]
[White "Jakubowski, Krzysztof"]
[Black "Pinero Rodriguez, Carlos Jose"]
[Result "0-1"]
[Board "75"]
[TimeControl "180+1"]
[WhiteFideId "1112848"]
[BlackFideId "3901726"]
[WhiteElo "2657"]
[BlackElo "2520"]
[WhiteTeam "POL"]
[BlackTeam "VEN"]
[WhiteClock "0:01:21"]
[BlackClock "0:00:22"]

1. e4 c5 2. Nf3 e6 3. d4 cxd4 4. Nxd4 a6 5. c4 Qc7 6. Bd3 Nf6 7. O-O h5 8. Nc3 Ng4 9. Nf3 Nc6 10. Re1 Bc5 11. Re2 Nd4 12. Rd2 Nxf3+ 13. Qxf3 Qxh2+ 14. Kf1 Qh1+ 15. Ke2 Bxf2 16. Rd1 Qh4 17. Bf4 Ba7 18. c5 Bxc5 19. Na4 Ba7 20. Bd6 Qf2+ 21. Qxf2 Nxf2 22. Rdc1 Nxd3 23. Kxd3 f6 24. Rc7 b5 25. Rac1 Kf7 26. Nc5 Bb6 27. Nxd7 Bxc7 28. Rxc7 Bxd7 29. Rxd7+ Kg6 30. e5 Rhd8 31. Re7 fxe5 0-1

[Event "January 2 Early 2024"]
[Site "https://www.chess.com"]
[Date "2024.01.02"]
[Round "6"]
[White "Feuerstack, Aljoscha"]
[Black "Mekhane, Adam"]
[Result "1-0"]
[Board "76"]
[TimeControl "180+1"]
[WhiteFideId "4681932"]
[BlackFideId "36050601"]
[WhiteElo "2652"]
[BlackElo "2520"]
[WhiteTeam "GER"]
[BlackTeam "FRA"]
[WhiteClock "0:00:19"]
[BlackClock "0:00:10"]

1. e4 e5 2. Bc4 d6 3. Nc3 g6 4. f4 Nc6 5. Nf3 Bg7 6. O-O Nf6 7. d3 O-O 8. fxe5 dxe5 9. Bg5 h6 10. Bxf6 Bxf6 11. Qd2 Bg7 12. Nd5 Be6 13. a4 Ne7 14. Ne3 Qd7 15. Qc3 Rae8 16. Nxe5 Qd6 17. d4 Bxe5 18. dxe5 Qb6 19. Kh1 Bxc4 20. Nxc4 Qe6 21. Rf6 Qg4 22. h3 Qxe4 23. Re1 Qh4 24. Rd1 Rd8 25. Rxd8 Rxd8 26. Ne3 c6 27. e6 fxe6 28. Rxe6 Kf7 29. Qe5 Rd2 30. Kh2 Rf2 31. Ng4 Rf5 32. Nxh6+ Qxh6 33. Rxe7+ Kg8 34. Re8+ Rf8 35. Qe6+ Kh8 36. Qf6+ Kg8 37. Rxf8+ Qxf8 38. Qxg6+ Kh8 39. Qh5+ Kg7 40. Qg4+ Kh7 41. Qh4+ Kg6 42. Qe4+ Kg7 43. Qd4+ Kg6 44. Qd3+ Kg7 45. Qd7+ Kg6 46. Qg4+ Kh7 47. h4 Qd6+ 48. Qg3 Qd2 49. Qd3+ Qxd3 50. cxd3 Kg6 51. Kh3 Kf5 52. g4+ Kf4 53. h5 c5 54. h6 Ke3 55. h7 Kxd3 56. h8=Q Kc4 57. Qc3+ Kd5 58. g5 Kc6 59. g6 a5 60. g7 Kb6 61. g8=Q c4 62. Qgxc4 Ka7 63. Qxa5+ Kb8 64. Qcc7# 1-0

[Event "January 2 Early 2024"]
[Site "https://www.chess.com"]
[Date "2024.01.02"]
[Round "6"]
[White "Goncalves, Davi Sulzbacher"]
[Black "Tanriverdi, Enes"]
[Result "0-1"]
[Board "77"]
[TimeControl "180+1"]
[WhiteFideId "2154510"]
[BlackFideId "34543279"]
[WhiteElo "2520"]
[BlackElo "2652"]
[WhiteTeam "BRA"]
[BlackTeam "TUR"]
[WhiteClock "0:00:01"]
[BlackClock "0:00:27"]

1. d4 Nf6 2. c4 e6 3. g3 d5 4. Nf3 Bb4+ 5. Bd2 Be7 6. Bg2 O-O 7. O-O c6 8. Qc2 b6 9. Nc3 Ba6 10. b3 Nbd7 11. Rfd1 Rc8 12. e4 dxc4 13. Bf4 b5 14. bxc4 bxc4 15. Qa4 Bb5 16. Qxa7 Bb4 17. Nxb5 cxb5 18. d5 exd5 19. e5 Bc5 20. Qa6 Ne4 21. Nd4 Nc3 22. Kf1 Nxd1 23. Rxd1 Qb6 24. Qxb6 Nxb6 25. Nxb5 d4 26. Bb7 Rb8 27. Be4 d3 28. Kg2 Na4 29. e6 Rxb5 30. exf7+ Rxf7 31. Bd5 Nb2 32. Rb1 c3 33. Be5 Bb4 34. Rxb2 cxb2 35. Bxf7+ Kxf7 36. Bxb2 d2 0-1

[Event "January 2 Early 2024"]
[Site "https://www.chess.com"]
[Date "2024.01.02"]
[Round "6"]
[White "Gullaksen, Eirik"]
[Black "xakevicius91"]
[Result "1-0"]
[Board "78"]
[TimeControl "180+1"]
[WhiteFideId "1500945"]
[WhiteElo "2647"]
[BlackElo "2520"]
[WhiteTeam "NOR"]
[WhiteClock "0:00:15"]
[BlackClock "0:00:18"]

1. e4 c5 2. Nf3 a6 3. c3 g6 4. d4 cxd4 5. cxd4 d5 6. Nc3 dxe4 7. Nxe4 Bg7 8. h3 Nf6 9. Nxf6+ exf6 10. Be3 O-O 11. Bd3 f5 12. O-O Be6 13. Rc1 Nc6 14. b3 Bd5 15. Bc4 Rc8 16. Re1 Re8 17. Bxd5 Qxd5 18. Rc5 Qd6 19. Qc2 Rcd8 20. Rd1 f4 21. Bc1 Nxd4 22. Nxd4 Bxd4 23. Rc4 Bxf2+ 24. Kxf2 Qxd1 25. Qxd1 Rxd1 26. Bxf4 Rd7 27. Bh6 f6 28. h4 Kf7 29. g3 Red8 30. Ke2 Re7+ 31. Kf2 g5 32. hxg5 Kg6 33. gxf6 Kxf6 34. Bf4 Kg6 35. Rb4 Rde8 36. Kf3 b5 37. a4 Rb7 38. Kg4 h5+ 39. Kf3 Rc8 40. Rd4 Rc3+ 41. Kg2 Rxb3 42. Rd6+ Kf7 43. Rxa6 b4 44. Rh6 Ra3 45. Rh7+ Kg6 46. Rxb7 Rxa4 47. Kh3 Kf5 48. Kh4 Ra2 49. Rb5+ Kg6 50. Rg5+ Kf6 51. Kxh5 b3 52. Rb5 b2 53. Be5+ Ke6 54. Bxb2 Ra4 55. g4 Ra2 56. g5 Kf7 57. g6+ Ke6 58. g7 Ra8 59. Kg6 Rb8 1-0

[Event "January 2 Early 2024"]
[Site "https://www.chess.com"]
[Date "2024.01.02"]
[Round "6"]
[White "Timerkhanov, Alexander"]
[Black "Devaev, Alexander"]
[Result "1-0"]
[Board "79"]
[TimeControl "180+1"]
[WhiteFideId "24177938"]
[BlackFideId "4169395"]
[WhiteElo "2645"]
[BlackElo "2513"]
[WhiteTeam "RUS"]
[BlackTeam "RUS"]
[WhiteClock "0:02:14"]
[BlackClock "0:00:52"]

1. d4 Nf6 2. Bg5 Ne4 3. h4 Nxg5 4. hxg5 g6 5. e3 Bg7 6. Nd2 c5 7. c3 d6 8. Bd3 Nc6 9. Ngf3 Bg4 10. Qb3 Qc7 11. Rh4 Bxf3 12. Nxf3 cxd4 13. exd4 e5 14. d5 Nb8 15. Rc4 Qe7 16. Rc8+ Kd7 17. Qxb7# 1-0

[Event "January 2 Early 2024"]
[Site "https://www.chess.com"]
[Date "2024.01.02"]
[Round "6"]
[White "Cordoba Roa, Angel Gabriel"]
[Black "Lebedev, Artem S."]
[Result "1-0"]
[Board "80"]
[TimeControl "180+1"]
[WhiteFideId "3957624"]
[BlackFideId "34272747"]
[WhiteElo "2645"]
[BlackElo "2505"]
[WhiteTeam "COL"]
[BlackTeam "RUS"]
[WhiteClock "0:01:50"]
[BlackClock "0:00:01"]

1. e4 c5 2. Nf3 e6 3. Bb5 a6 4. Be2 Nc6 5. O-O Nf6 6. Nc3 d5 7. exd5 Nxd5 8. Nxd5 exd5 9. d4 c4 10. b3 b5 11. a4 Be6 12. Ng5 Bb4 13. Nxe6 fxe6 14. Bg4 Qf6 15. axb5 Nxd4 16. Rxa6 O-O 17. Be3 Nxb5 18. Bxe6+ Kh8 19. Rxa8 Rxa8 20. Qxd5 Nc7 21. Qxc4 Bd6 22. Bg4 Re8 23. g3 Qg6 24. Rd1 Be5 25. Rd7 h5 26. Bf3 Ne6 27. Qe4 Qf6 28. Bxh5 Rc8 29. Qg6 Qxg6 30. Bxg6 Nf8 31. Bf5 Nxd7 32. Bxd7 Rxc2 33. b4 Rb2 34. b5 g6 35. b6 Kg7 36. Bc6 Kf6 37. Kg2 Ke7 38. Be4 g5 39. Bxg5+ Kd6 40. Be3 Bf6 41. h4 Ke7 42. h5 Kf8 43. h6 Kg8 44. h7+ Kh8 45. b7 Be5 46. Kf3 Bg7 47. Kg4 Rb6 48. Bxb6 Be5 49. b8=Q+ Bxb8 50. Bd4+ Be5 51. Bxe5# 1-0

[Event "January 2 Early 2024"]
[Site "https://www.chess.com"]
[Date "2024.01.02"]
[Round "6"]
[White "Mammadova, Narmin"]
[Black "Garcia Almaguer, Juan Manuel"]
[Result "0-1"]
[Board "81"]
[TimeControl "180+1"]
[WhiteFideId "13403710"]
[BlackFideId "5110491"]
[WhiteElo "2643"]
[BlackElo "2503"]
[WhiteTeam "AZE"]
[BlackTeam "MEX"]
[WhiteClock "0:00:05"]
[BlackClock "0:00:10"]

1. e4 e5 2. Nf3 Nc6 3. Nc3 Nf6 4. Be2 Bb4 5. Nd5 O-O 6. c3 Bd6 7. d3 Nxd5 8. exd5 Ne7 9. c4 Ng6 10. O-O c5 11. a3 h6 12. Bd2 b6 13. b4 f5 14. Qc2 Re8 15. Rfe1 Qf6 16. Bf1 Bf8 17. Rab1 d6 18. a4 e4 19. Bc3 Qf7 20. Nd2 exd3 21. Qxd3 Rxe1 22. Rxe1 Bd7 23. b5 a6 24. Ra1 Ne5 25. Bxe5 dxe5 26. f3 Bd6 27. Re1 axb5 28. axb5 Ra2 29. Kh1 Qh5 30. g3 Qg5 31. Re2 Ra1 32. Kg1 h5 33. Qc3 Ra2 34. Kf2 Qf6 35. Bg2 h4 36. Qb3 hxg3+ 37. hxg3 Ra8 38. Nf1 Qg5 39. Ra2 Re8 40. Re2 f4 41. g4 Qh4+ 42. Kg1 Kf7 43. Ra2 Rh8 44. Ra7 Ke7 45. Qa4 e4 46. Qa6 exf3 47. Bxf3 Be5 48. Qb7 Bd4+ 49. Kg2 Qf2# 0-1

[Event "January 2 Early 2024"]
[Site "https://www.chess.com"]
[Date "2024.01.02"]
[Round "6"]
[White "Srdanovic, Jovana"]
[Black "Antunez Soler, Luis"]
[Result "1-0"]
[Board "82"]
[TimeControl "180+1"]
[WhiteFideId "954810"]
[BlackFideId "3513335"]
[WhiteElo "2503"]
[BlackElo "2640"]
[WhiteTeam "SRB"]
[BlackTeam "CUB"]
[WhiteClock "0:01:11"]
[BlackClock "0:00:00"]

1. d4 d5 2. c4 c6 3. Nc3 Nf6 4. cxd5 cxd5 5. f3 Nc6 6. e4 e6 7. e5 Ng8 8. f4 Bb4 9. Nf3 Bxc3+ 10. bxc3 Nge7 11. a4 O-O 12. Ba3 Qa5 13. Qd2 Re8 14. Bd3 Bd7 15. O-O h6 16. Rfb1 Qc7 17. Bd6 Qc8 18. a5 Nf5 19. Bc5 Qc7 20. Bc2 Nxa5 21. g4 Ne7 22. Qd3 g6 23. h4 Nc4 24. h5 b6 25. Bxe7 Rxe7 26. hxg6 fxg6 27. g5 hxg5 28. Nxg5 Rg7 29. Kg2 Rf8 30. Kg3 b5 31. Rh1 Rf5 32. Rh6 Qd8 33. Rah1 Rxg5+ 34. fxg5 Qxg5+ 35. Kf2 Rf7+ 36. Ke2 Qg2+ 37. Kd1 Nb2+ 38. Kc1 Nxd3+ 39. Bxd3 Rg7 40. Rh8+ Kf7 41. Rf1+ Ke7 42. Rhf8 b4 43. cxb4 Ba4 44. R1f6 Qg5+ 45. Kb2 Qe3 46. Ka3 Qxd4 47. Kxa4 Qxd3 48. Ra8 Qa6+ 49. Kb3 Qc4+ 50. Kb2 Qc7 51. Rff8 Qxe5+ 52. Kb3 Qc7 53. Rae8+ Kd6 54. Rf6 Qc4+ 55. Ka4 Re7 56. Rd8+ Ke5 57. Rdf8 1-0

[Event "January 2 Early 2024"]
[Site "https://www.chess.com"]
[Date "2024.01.02"]
[Round "6"]
[White "Bashirli, Saadat"]
[Black "Tregubov, Pavel V."]
[Result "0-1"]
[Board "83"]
[TimeControl "180+1"]
[WhiteFideId "13429990"]
[BlackFideId "4115341"]
[WhiteElo "2446"]
[BlackElo "2638"]
[WhiteTeam "AZE"]
[BlackTeam "FRA"]
[WhiteClock "0:00:00"]
[BlackClock "0:00:06"]

1. d4 Nf6 2. e3 e6 3. Bd3 c5 4. c3 Nc6 5. f4 d5 6. Nf3 Be7 7. O-O O-O 8. Nbd2 Rb8 9. Qe2 Bd7 10. b3 b5 11. Bb2 c4 12. Bc2 Qc7 13. Ne5 Rfc8 14. Rf3 b4 15. bxc4 bxc3 16. Bxc3 dxc4 17. Nexc4 Nb4 18. Bxb4 Bxb4 19. Bd3 Bb5 20. Ne5 Qc3 21. Nb3 Bxd3 22. Qxd3 a5 23. Rff1 a4 24. Nc5 Nd5 25. Na6 Rb6 26. Nxb4 Rxb4 27. Rfe1 f6 28. Qa6 Rb6 29. Qf1 Nxe3 30. Qf3 Nc2 31. Qxc3 Rxc3 32. Nd7 Rd6 33. Rac1 Rxd7 34. Rxe6 Nxd4 35. Re8+ Kf7 36. Rxc3 Kxe8 37. Rc8+ Kf7 38. Rc4 Nf5 39. Rxa4 Rd1+ 40. Kf2 Rd2+ 41. Kf3 Nh4+ 42. Kg3 Nxg2 43. f5 Ne3 44. Ra7+ Kf8 45. Ra8+ Ke7 46. Ra7+ Rd7 47. Ra5 h5 48. Kf3 Nc4 49. Rc5 Ne5+ 50. Ke4 Ra7 51. Rc2 Ra4+ 52. Ke3 Kf7 53. Rc7+ Kg8 54. Rc2 Kh7 55. Rb2 Kh6 56. Rc2 Kg5 57. Rg2+ Ng4+ 58. Kf3 Kxf5 59. h3 Ra3+ 60. Ke2 Rxa2+ 61. Kf1 Ne3+ 0-1